 Dungeon Crawl Stone Soup version 0.29.0-4-gdea44cf6ec (webtiles) character file.

Game seed: 7146887634413795935

1 qw the Trooper (level 1, -9/18 HPs)
             Began as a Barachi Chaos Knight on Sept 6, 2022.
             Mangled by a chaos spawn (16 damage)
             ... summoned by Xom
             ... on level 1 of the Dungeon.
             The game lasted 00:00:01 (45 turns).

qw the Trooper (Barachi Chaos Knight)                 Turns: 45, Time: 00:00:01

Health: -9/18      AC:  5    Str: 13    XL:     1   Next: 20%
Magic:  1/1        EV: 11    Int: 12    God:
Gold:   0          SH:  0    Dex: 11    Spells: 0/0 levels left

rFire   . . .      SeeInvis .   a - +0 hand axe (chaos)
rCold   . . .      Faith    .   (no shield)
rNeg    . . .      Spirit   .   b - +2 leather armour
rPois   .          Reflect  .   (no helmet)
rElec   .          Harm     .   (no cloak)
rCorr   .          Rampage  .   (no gloves)
Will    .....                   (no boots)
Stlth   +.........              (no amulet)
HPRegen 0.06/turn               (no ring)
MPRegen 0.07/turn               (no ring)

@: slowed, very slow
A: amphibious, slowness 1, strong legs 1, +LOS
a: Hop


You were on level 1 of the Dungeon.
You visited 1 branch of the dungeon, and saw 1 of its levels.


Innate Abilities, Weirdness & Mutations

You are amphibious.
You cover ground slowly.
You can hop short distances.
You have an extended range of vision and can be seen from far away.


   Skills:
 - Level 3.6 Fighting
 + Level 3.4 Axes
 - Level 2.4 Armour
 - Level 1.1 Dodging


You couldn't memorise any spells.
You didn't know any spells.
Your spell library was empty.

Inventory:

Hand Weapons
 a - a +0 hand axe of chaos (weapon)
Armour
 b - a +2 leather armour (worn)
Miscellaneous
 c - a piece from Xom's chessboard (15/15)

Dungeon Overview and Level Annotations

Branches:
Dungeon (1/15)

Altars:


Message History

Welcome, qw the Barachi Chaos Knight.
It is said that the Orb of Zot exists deep within this dungeon.
Xom says: A new plaything!
Press ? for a list of commands and other information.
Found a staircase leading out of the dungeon.
Assign waypoint to what number? (0-9) Waypoint 2 assigned to D:1.
0 ||| PLANNING D:1-11 Really renounce your faith, foregoing its fabulous benefits?
Are you sure?
You have lost your religion!
Xom does not appreciate desertion!
Found an Everburning Encyclopedia.
Enter note: A hobgoblin comes into view.
Found 6 stones.
Enter note: You closely miss the hobgoblin.
The hobgoblin hits you but does no damage.
You hit the hobgoblin. You burn the hobgoblin.
You kill the hobgoblin!
You hear Xom's maniacal laughter.
The divine experience drains your vigour!
You feel yourself slow down.
An ufetubus comes into view.
You see here a hobgoblin corpse.
The ufetubus hits you but does no damage.
The ufetubus closely misses you.
You closely miss the chaos spawn. You barely miss the ufetubus.
The ufetubus hits you but does no damage.
The ufetubus misses you. The chaos spawn hits you!
Ouch! That really hurt!
The chaos spawn draws strength from your injuries!
The ufetubus hits you but does no damage. x2
The chaos spawn hits you!
Ouch! That really hurt!
You die...

### ... ##.##
#...# ... .(.
#.# #5#
####@#
##...4#
#...#..#
#...##..#
#..#..##..#
#..###..##..#
#..# ##..##.+
#..# ##..###
#..# ##..##


You could see a chaos spawn (summoned) and an ufetubus (summoned).

Vanquished Creatures
  A hobgoblin (D:1)
1 creature vanquished.

Notes
Turn   | Place    | Note
-------+----------+-------------------------------------------
     0 | D:1      | qw the Barachi Chaos Knight began the quest for the Orb.
     0 | D:1      | Reached XP level 1. HP: 18/18 MP: 1/1
     0 | D:1      | 0 ||| qw: Version: 0.1-a-107-g9ff403c
     0 | D:1      | 0 ||| qw: Game counter: 6122
     0 | D:1      | 0 ||| qw: Always use a shield: true
     0 | D:1      | 0 ||| qw: God list: Okawaru
     0 | D:1      | 0 ||| qw: Allow faded altars: false
     0 | D:1      | 0 ||| qw: Do Orc after D:15 true
     0 | D:1      | 0 ||| qw: Do second Lair branch before Depths: true
     0 | D:1      | 0 ||| qw: Lair rune preference: random
     0 | D:1      | 0 ||| qw: Plans: Normal
     0 | D:1      | 0 ||| PLANNING D:1-11
     0 | D:1      | Fell from the grace of Xom
    42 | D:1      | XOM: summons 2 hostile demons
    43 | D:1      | Noticed a chaos spawn
    45 | D:1      | Mangled by a chaos spawn

Levels and vault maps discovered:
D:1:      dpeg_chamrin_arrival_tetris, layout_loops_corners,
          minmay_misc_feat_secret_circle

Action                   || total
-------------------------++-------
Melee: Hand axe          ||     3
Invok: Renounce Religion ||     1
Armor: Leather armour    ||     5
Dodge: Dodged            ||     2

Table legend:
 A = Non-vault XP
 B = Vault XP
 C = Vault XP percentage of total XP
 D = Non-vault monster count
 E = Vault monster count
 F = Vault count percentage of total count
                 A         B        C        D         E       F
            +---------+---------+-------+---------+---------+-------
      Total |       2 |       0 |   0.0 |       1 |       0 |   0.0
            +---------+---------+-------+---------+---------+-------
        D:1 |       2 |       0 |   0.0 |       1 |       0 |   0.0
            +---------+---------+-------+---------+---------+-------
